 Dungeon Crawl Stone Soup version 0.18.1-8-gdd0e5ea (webtiles) character file.

7498 zeroDi the Covert (level 11, -2/50 HPs)
             Began as a Vine Stalker Assassin on May 21, 2016.
             Was an Elder of Okawaru.
             Slain by a large slime creature (12 damage)
             ... on level 12 of the Dungeon.
             The game lasted 00:41:32 (11032 turns).

zeroDi the Covert (Vine Stalker Assassin)          Turns: 11032, Time: 00:41:33

Health: -2/50      AC:  6    Str: 15    XL:     11   Next: 16%
Magic:  0/21       EV: 17    Int: 15    God:    Okawaru [****..]
Gold:   571        SH:  4    Dex: 18    Spells: 0 memorised, 10 levels left

rFire  + . .     SeeInvis .     x - +6 spear of Toexkaoq {freeze, rF+ Int+4}
rCold  + . .     Gourm    .     C - +1 leather armour {MR+}
rNeg   . . .     Faith    .     h - +0 buckler
rPois  .         Spirit   +     R - +0 helmet
rElec  .         Dismiss  .     d - +0 cloak
rCorr  .         Reflect  .     (no gloves)
SustAt .         Harm     .     (no boots)
MR     ++...                    (no amulet)
Stlth  ++++......               M - ring of magical power
                                p - ring of protection from cold

@: very resistant to hostile enchantments, stealthy
A: fangs 3, regeneration 2, magic shield, antimagic bite, no device heal 3, rot
immunity
a: Heroism, Renounce Religion


You were on level 12 of the Dungeon.
You worshipped Okawaru.
Okawaru was greatly pleased with you.
You were not hungry.

You visited 3 branches of the dungeon, and saw 14 of its levels.

You collected 619 gold pieces.


Innate Abilities, Weirdness & Mutations

You have razor-sharp teeth.
You heal very quickly.
When hurt, damage is shared between your health and your magic reserves.
Your bite disrupts and absorbs the magic of your enemies.
Potions and wands cannot restore your health.
You are immune to rotting.


   Skills:
 - Level 1.7 Fighting
 - Level 10.0 Short Blades
 - Level 6.0 Throwing
 + Level 7.9 Dodging
 - Level 10.0 Stealth


You had 10 spell levels left.
You didn't know any spells.

Inventory:

Hand Weapons
 a - a +3 short sword of venom
 b - a +0 blowgun
 x - the +6 spear of Toexkaoq (weapon) {freeze, rF+ Int+4}
   (You took it off a kobold on level 10 of the Dungeon)

   It has been specially enchanted to freeze those struck by it, causing extra
   injury to most foes and up to half again as much damage against particularly
   susceptible opponents.
   It can also slow down cold-blooded creatures.
   It affects your intelligence (+4).
   It protects you from fire.
 A - a +2 dagger
 E - a +2 short sword of draining
Missiles
 e - 66 poisoned needles
 f - 2 curare-tipped needles {=f}
 B - 7 needles of sleeping
Armour
 d - a +0 cloak (worn)
 h - a +0 buckler (worn)
 z - the +1 ring mail "Ocziqed" {*Contam rElec Int+5}
   (You found it on level 8 of the Dungeon)

   It affects your intelligence (+5).
   It insulates you from electricity.
   It causes magical contamination when unequipped.
 C - a +1 leather armour of magic resistance (worn)
 H - a +2 robe of fire resistance
 R - a +0 helmet (worn)
Magical Staves
 y - an uncursed staff of earth {unknown}
Jewellery
 p - a ring of protection from cold (left hand)
 M - a ring of magical power (right hand)
Wands
 k - a wand of iceblast (9/15)
 w - a wand of flame (23/48)
 K - a wand of slowing (17/48)
 L - a wand of random effects (30/48)
 Q - a wand of confusion (19/48)
Scrolls
 j - a scroll of random uselessness {unknown}
 m - 2 scrolls of recharging {unknown}
 n - a scroll of fear {unknown}
 q - a scroll of remove curse
 s - 3 scrolls of enchant weapon {unknown}
 v - a scroll of teleportation {@r4}
 I - a scroll of amnesia {unknown}
 O - a scroll of fog {unknown}
 P - a scroll of magic mapping
Potions
 i - a potion of lignification {!q}
 l - a potion of resistance {unknown}
 o - a potion of beneficial mutation {unknown}
 t - 3 potions of curing {@q1}
 J - a potion of degeneration {!q}
 N - a potion of magic
Books
 c - a book of Debilitation

   Spells                             Type                      Level
   a - Corona                         Hexes                        1
   b - Slow                           Hexes                        2
   c - Gell's Gravitas                Hexes/Translocation          3
   d - Inner Flame                    Hexes/Fire                   3
   e - Cause Fear                     Hexes                        4
   f - Leda's Liquefaction            Hexes/Earth                  4
 G - a book of Conjurations

   Spells                             Type                      Level
   a - Magic Dart                     Conjuration                  1
   b - Searing Ray                    Conjuration                  2
   c - Dazzling Spray                 Conjuration/Hexes            3
   d - Fulminant Prism                Conjuration/Hexes            4
   e - Iskenderun's Mystic Blast      Conjuration                  4
   f - Iskenderun's Battlesphere      Conjuration/Charms           5
Comestibles
 g - 7 bread rations
 r - 2 fruits
 u - 3 meat rations
 D - 5 beef jerkies
 F - 5 slices of pizza

Dungeon Overview and Level Annotations

Branches:
Dungeon (12/15)            Temple (1/1) D:7            Lair (1/8) D:10
    Orc: D:9-12

Altars:
Ashenzari
Cheibriados
Dithmenos
Elyvilon
Fedhas
Gozag
Kikubaaqudgha
Makhleb
Nemelex Xobeh
Okawaru
Pakellas
Qazlal
Ru
Sif Muna
Trog
Vehumet
Xom
Yredelemnul
Zin
The Shining One

Shops:
D:5 }

Annotations:
D:6 exclusion: door, Prince Ribbit
D:10 Statics's ghost, novice DsFi
D:11 1 exclusion

### #..
#.# #.#
######J#
#....#@#
#..$.#J#
#....#.#
#....#.#
#..<...#
#....###
######


You could see a large slime creature and a jelly.


Message History

You hit the slime creature. You freeze the slime creature.
You kill the slime creature!
Okawaru accepts your kill. The slime creature hits you!
* * * LOW HITPOINT WARNING * * *
The slime creature hits you!
* * * LOW HITPOINT WARNING * * *
Two slime creatures merge to form a large slime creature.
A jelly comes into view.
The helpless jelly fails to defend itself.
You puncture the jelly! You freeze the jelly.
Your hands burn!
* * * LOW HITPOINT WARNING * * *
The jelly is heavily wounded.
The jelly completely misses you. The jelly hits you but does no damage.
You hit the jelly. You freeze the jelly.
Your hands burn!
* * * LOW HITPOINT WARNING * * *
Your bite misses the jelly.
The jelly is severely wounded.
The large slime creature hits you!
You die...

Action                   |  1- 3 |  4- 6 |  7- 9 | 10-12 || total
-------------------------+-------+-------+-------+-------++-------
Melee: Dagger            |   115 |    74 |       |       ||   189
       Bite              |    29 |    47 |   129 |   103 ||   308
       Short sword       |       |    60 |   375 |   282 ||   717
       Spear             |       |       |       |    35 ||    35
 Fire: Blowgun           |       |       |    19 |     2 ||    21
Evoke: Wand              |       |       |     4 |       ||     4
       Deck              |       |       |     3 |     1 ||     4
  Use: Potion            |       |       |     7 |     1 ||     8
       Scroll            |       |       |     9 |     8 ||    17
 Stab: Distracted        |     1 |       |     2 |     1 ||     4
       Sleeping          |    10 |     2 |     9 |    17 ||    38
       Invisible         |       |       |     5 |       ||     5
  Eat: Chunk             |       |     5 |    10 |    12 ||    27
       Pizza             |       |       |     3 |     1 ||     4
       Royal jelly       |       |       |     1 |       ||     1
Armor: Robe              |    28 |    34 |    30 |       ||    92
       Leather armour    |       |       |    15 |    45 ||    60
Dodge: Dodged            |    67 |    59 |   152 |   142 ||   420
Block: Buckler           |    15 |    20 |    52 |    37 ||   124

Vault maps used:
D:1:      minmay_arrival_plants_in_alcoves, minmay_liquid_box
D:2:      nicolae_ru_the_path_less_chosen, first_bread, kennysheep_pointless_box
D:3:      makhleb_grotto_becter, nemelex_deck
D:4:      lemuel_doored_altar, st_stairs_13
D:5:      kennysheep_little_box, lemuel_zombie_altar_yredelemnul, serial_shops,
          nicolae_shop_crystal
D:6:      uniq_prince_ribbit1
D:7:      minmay_temple_entry_overgrown, minmay_misc_feat_cross,
          grunt_livestock, uniq_duvessa
D:9:      grunt_qazlal_sundering, gammafunk_temple_overflow_wave,
          minmay_misc_feat_square
D:10:     minmay_lair_entry_lava, basic_altar, uniq_joseph
D:11:     lab_entry_generic, minmay_door_square
D:12:     orc_0_dummy, kennysheep_four_rooms
Temple:   oiseaux_autumnal_temple_12
Lair:1:   grunt_megastairs_1

Notes
Turn   | Place    | Note
--------------------------------------------------------------
     0 | D:1      | zeroDi the Vine Stalker Assassin began the quest for the Orb.
     0 | D:1      | Reached XP level 1. HP: 11/11 MP: 2/2
   158 | D:1      | Reached skill level 2 in Short Blades
   191 | D:1      | Reached XP level 2. HP: 10/15 MP: 3/3
   535 | D:1      | Reached skill level 3 in Short Blades
   574 | D:1      | Reached XP level 3. HP: 18/18 MP: 2/4
   976 | D:2      | Reached XP level 4. HP: 23/23 MP: 5/5
  1150 | D:2      | Found a sacrificial altar of Ru.
  1218 | D:3      | HP: 2/23 [jackal (2)]
  1226 | D:3      | HP: 2/23 [jackal (1)]
  1232 | D:3      | HP: 2/23 [jackal (1)]
  1279 | D:3      | Reached skill level 4 in Short Blades
  1453 | D:3      | Found a sparkling altar of Nemelex Xobeh.
  1597 | D:3      | Found a burning altar of Makhleb.
  1743 | D:4      | Reached XP level 5. HP: 24/26 MP: 6/6
  1797 | D:4      | Found a bloodstained altar of Trog.
  1834 | D:4      | Reached skill level 5 in Short Blades
  1891 | D:4      | Reached skill level 5 in Stealth
  1894 | D:4      | Gained mutation: You heal very quickly. [Vine Stalker growth]
  1894 | D:4      | Reached XP level 6. HP: 13/30 MP: 7/7
  1923 | D:4      | Reached skill level 6 in Stealth
  2169 | D:4      | Reached skill level 7 in Stealth
  2201 | D:4      | Noticed a phantom
  2367 | D:5      | Entered Level 5 of the Dungeon
  2375 | D:5      | Reached XP level 7. HP: 34/34 MP: 8/8
  2458 | D:5      | Reached skill level 8 in Stealth
  2570 | D:5      | Found Luemif's Gadget Shoppe.
  2745 | D:5      | Found a basalt altar of Yredelemnul.
  2897 | D:5      | Found a glowing golden altar of the Shining One.
  2909 | D:5      | Reached skill level 9 in Stealth
  3393 | D:6      | Reached skill level 10 in Stealth
  3459 | D:6      | Gained mutation: You have razor-sharp teeth. [Vine Stalker growth]
  3459 | D:6      | Reached XP level 8. HP: 38/38 MP: 9/9
  3529 | D:6      | Reached skill level 2 in Throwing
  3888 | D:6      | Reached skill level 6 in Short Blades
  4077 | D:6      | Reached skill level 3 in Throwing
  4087 | D:6      | Noticed Prince Ribbit
  4299 | D:7      | Reached skill level 7 in Short Blades
  4591 | D:7      | Reached XP level 9. HP: 16/42 MP: 5/10
  4593 | D:7      | Reached skill level 4 in Throwing
  4785 | D:7      | Reached skill level 8 in Short Blades
  4862 | D:7      | Noticed Duvessa
  4862 | D:7      | Noticed Dowan
  4876 | D:7      | Killed Duvessa
  4884 | D:7      | Killed Dowan
  4915 | D:7      | Found a staircase to the Ecumenical Temple.
  4939 | Temple   | Entered the Ecumenical Temple
  5187 | Temple   | Became a worshipper of Warmaster Okawaru
  5975 | D:8      | Reached skill level 5 in Throwing
  6028 | D:8      | Got a transparent ring mail
  6029 | D:8      | Identified the +1 ring mail "Ocziqed" {*Contam rElec Int+5} (You found it on level 8 of the Dungeon)
  6160 | D:8      | Reached skill level 9 in Short Blades
  6255 | D:8      | Reached * piety under Okawaru
  6257 | D:8      | HP: 4/42 [orc/trident (4)]
  6263 | D:8      | HP: 2/42 [orc/trident (4)]
  6929 | D:9      | Reached XP level 10. HP: 41/46 MP: 9/11
  7029 | D:9      | Reached skill level 6 in Throwing
  7230 | D:9      | Reached skill level 10 in Short Blades
  7272 | D:9      | Reached skill level 1 in Dodging
  7773 | D:9      | Found a stormy altar of Qazlal.
  7919 | D:9      | Found a shadowy altar of Dithmenos.
  7919 | D:9      | Found a deep blue altar of Sif Muna.
  8040 | D:10     | Entered Level 10 of the Dungeon
  8040 | D:10     | Noticed a gargoyle
  8080 | D:10     | Reached skill level 2 in Dodging
  8135 | D:10     | Found a staircase to the Lair.
  8183 | D:10     | Noticed Statics's ghost (novice DsFi)
  8200 | D:10     | Reached ** piety under Okawaru
  8203 | D:10     | Reached skill level 3 in Dodging
  8206 | D:10     | HP: 5/69 [Statics's ghost (5)]
  8207 | D:10     | HP: 1/69 [Statics's ghost (5)]
  8320 | D:10     | HP: 4/46 [Statics's ghost (11)]
  8852 | D:10     | Found a shimmering altar of Xom.
  8986 | D:10     | Noticed Joseph
  8989 | D:10     | Killed Joseph
  8989 | D:10     | Reached skill level 4 in Dodging
  9031 | Lair:1   | Entered Level 1 of the Lair of Beasts
  9421 | Lair:1   | Reached skill level 5 in Dodging
  9663 | Lair:1   | Reached *** piety under Okawaru
  9794 | D:11     | Reached skill level 6 in Dodging
  9841 | D:11     | Reached XP level 11. HP: 12/50 MP: 8/12
  9954 | D:11     | Reached skill level 7 in Dodging
 10123 | D:11     | Found a labyrinth entrance.
 10165 | D:11     | Noticed an eight-headed hydra
 10330 | D:10     | Got a scorched spear {freeze}
 10331 | D:10     | Identified the +6 spear of Toexkaoq {freeze, rF+ Int+4} (You took it off a kobold on level 10 of the Dungeon)
 11023 | D:12     | Reached **** piety under Okawaru
 11032 | D:12     | Slain by a large slime creature

Vanquished Creatures
  Joseph (D:10)
  A gargoyle (D:11)
  A komodo dragon (Lair:1)
  A slime creature (D:12)
  A hog (D:7)
  9 yaks
  A human (D:7)
  A hippogriff (Lair:1)
  2 hell hounds (D:10)
  Duvessa (D:7)
  3 water moccasins (Lair:1)
  An orc warrior (D:8)
  2 phantoms
  2 ice beasts
  3 sky beasts
  A necrophage (D:7)
  4 ogres
  2 centaurs
  A crocodile (Lair:1)
  4 big kobolds
  6 giant frogs
  Dowan (D:7)
  A scorpion (D:9)
  5 killer bees (D:7)
  4 wights (D:7)
  2 howler monkeys
  A wasp zombie (D:9)
  2 crimson imps
  A quasit (D:6)
  2 giant frog zombies
  6 hounds
  4 jellies
  3 orc priests
  A giant frog skeleton (D:4)
  2 iguanas
  9 orc wizards
  7 worker ants
  A killer bee zombie (D:6)
  3 sheep (D:7)
  A worker ant zombie (D:8)
  3 gnolls
  8 adders
  8 river rats (Lair:1)
  2 shadow imps
  An ooze (D:2)
  2 worms
  A dart slug (D:1)
  9 giant geckos
  28 orcs
  5 giant cockroaches
  2 gnoll zombies (D:5)
  4 hobgoblins
  8 jackals
  26 kobolds
  5 quokkas
  9 bats
  A giant cockroach zombie (D:5)
  2 giant newts
  4 goblins
  7 rats
239 creatures vanquished.

Vanquished Creatures (others)
  A fungus (Lair:1)
1 creature vanquished.

Grand Total: 240 creatures vanquished
